 Dungeon Crawl Stone Soup version 0.28-a0-845-gfc338a8e3c (webtiles) character file.

Game seed: 3171983949318760188

319 spiderkeys the Ducker (level 6, -1/37 HPs)
             Began as a Deep Elf Abyssal Knight on Nov 12, 2021.
             Was a Believer of Lugonu.
             Slain by Duvessa (8 damage)
             ... on level 4 of the Dungeon.
             The game lasted 00:09:50 (4336 turns).

spiderkeys the Ducker (Deep Elf Abyssal Knight)     Turns: 4336, Time: 00:09:50

Health: -1/37      AC: 14    Str: 10    XL:     6   Next: 21%
Magic:  21/21      EV: 11    Int: 16    God:    Lugonu [**....]
Gold:   22         SH:  5    Dex: 16    Spells: 8/10 levels left

rFire   . . .      SeeInvis .   b - +0 dagger (venom)
rCold   . . .      Faith    .   (no shield)
rNeg    . . .      Spirit   .   i - +4 ring mail
rPois   +          Reflect  +   c - +0 helmet
rElec   .          Harm     .   (no cloak)
rCorr   .          Rampage  .   o - +0 pair of gloves
Will    .....                   v - +2 pair of boots {Fly}
Stlth   +.........              n - amulet of reflection
HPRegen 0.12/turn               P - ring of poison resistance
MPRegen 0.17/turn               W - ring of magical power

@: flying
A: mutation resistance 1
a: Renounce Religion, Depart the Abyss, Bend Space


You were on level 4 of the Dungeon.
You worshipped Lugonu.
Lugonu was pleased with you.
You visited 1 branch of the dungeon, and saw 4 of its levels.
You visited the Abyss 1 time.

You collected 237 gold pieces.
You spent 215 gold pieces at shops.


Innate Abilities, Weirdness & Mutations

You are somewhat resistant to further mutation.


   Skills:
 + Level 3.3 Fighting
 - Level 2.4 Short Blades
 - Level 0.7 Armour
 + Level 4.1 Dodging
 - Level 1.4 Stealth
 + Level 2.9 Spellcasting
 + Level 2.3 Summonings
 + Level 3.6 Invocations


You had 8 spell levels left.
You knew the following spells:

 Your Spells              Type           Power      Damage    Failure   Level
c - Call Imp              Summ           10%        N/A       28%         2

Your spell library contained the following spells:

 Spells                   Type           Power      Damage    Failure   Level
 Magic Dart               Conj           8%         1d3       45%         1
 Passwall                 Tmut/Erth      1%         N/A       58%         2
 Mephitic Cloud           Conj/Pois/Air  2%         N/A       83%         3
 Portal Projectile        Hex/Tloc       4%         N/A       83%         3
 Swiftness                Air            2%         N/A       83%         3
 Blade Hands              Tmut           1%         N/A       100%        5
 Excruciating Wounds      Necr           1%         N/A       100%        5

Inventory:

Hand Weapons
 a - a +1 short sword
 b - a +0 dagger of venom (weapon)
   (You took it off a goblin on level 2 of the Dungeon)
 e - a +4 rapier
   (You found it on level 2 of the Abyss)
Missiles
 f - 13 sling bullets
 g - 3 atropa-tipped darts
 k - 126 stones
 m - 29 bolts
Armour
 c - a +0 helmet (worn)
   (You took it off Robin on level 2 of the Dungeon)
 i - a +4 ring mail (worn)
   (You found it on level 1 of the Dungeon)
 o - a +0 pair of gloves (worn)
   (You found it on level 2 of the Dungeon)
 v - a +2 pair of boots of flying (worn)
   (You bought it in a shop on level 3 of the Dungeon)
Magical Staves
 p - a staff of conjuration {!a}
   (You found it on level 3 of the Dungeon)
Jewellery
 n - an amulet of reflection (around neck)
   (You found it on level 2 of the Dungeon)
 A - an amulet of the acrobat
   (You found it on level 4 of the Dungeon)
 P - a ring of poison resistance (left hand)
   (You found it on level 2 of the Dungeon)
 W - a ring of magical power (right hand)
   (You found it on level 3 of the Dungeon)
Scrolls
 d - a scroll of magic mapping {!r}
 l - a scroll of identify {@r1}
 t - a scroll of immolation {!r!r}
 u - a scroll of vulnerability {!r!r}
Potions
 h - a potion of curing {@q1}
 j - a potion of lignification {unknown}
 s - a potion of flight {unknown}

Dungeon Overview and Level Annotations

Branches:
Dungeon (4/15)
 Temple: D:4-7

Altars:
Uskayaw

Shops:
D:2 =   D:3 [   D:4 *

Annotations:
D:2 1 runed translucent door, Crazy Yiuf
D:4 Dowan, Duvessa

##.###..#....#...#..#....#.......
##.###..#....'...'..#....#.......
.#......#....#...#..#....+.......
.#......#....#####'##....##+#####
.#..#####................#..##...
##'##....................#.......
.........................#...>...
.........................#.......
.........(..(..e@........#.......
.....##'#................#'###...
.....#..###+######+#.....#..###+#
....(#..+ #.....+...#...
.....#..# #.....#...#...
...ee#### #.....#...#... .....#
+....โ€ #'#รท#... .....#
#.....'โˆฉ+.#'## .....#
#####)#+#..<..


You could see Duvessa (fast, very poisoned).


Message History

Eustachio blinks! ๐Ÿ˜จ HP[-1] MP[+1]
You take 1 damage, and now have 6/21 hp.
Your mp is fully restored (19).
Unknown command.
You feel much better.
The quokka bites you but does no damage.
The rat bites you but does no damage.
The white imp hits you but does no damage.
You block the quokka's attack. ๐Ÿ˜Ž HP[+15]
Your hp is fully restored (21).
The white imp disappears in a puff of smoke!
The white imp gestures at you.
The puff of frost hits you but does no damage.
Eustachio asks, "How can you live without manners, virtues and honour?"
The quokka completely misses you.
You kill Eustachio!
Lugonu accepts your kill.
The quokka disappears in a puff of smoke!
The rat disappears in a puff of smoke!
The white imp disappears in a puff of smoke!
You feel your dexterity returning.
Your life force feels restored.
Your Dodging skill increases to level 4!
Your Summonings skill increases to level 2!
You have reached level 6!
Your experience leads to an increase in your attributes!
Increase (S)trength, (I)ntelligence, or (D)exterity?
You feel clever. ๐Ÿ˜ฎ HP[+3]
You now have 37 max hp (+16).
You regained 3 hp, and now have 24/37 hp.
Things that are here:
a +1 falchion of draining; a +0 leather armour; the human corpse of Eustachio ๐Ÿ˜ฎ HP[+1] Key pressed, stopping explore.
Key pressed, stopping explore.
Key pressed, stopping explore.
d - a scroll of magic mapping {!r} ๐Ÿ˜Ž HP[+12] MP[+2]
Your hp is fully restored (37).
Your mp is fully restored (21).
g - 2 atropa-tipped darts (gained 1)
g - 3 atropa-tipped darts (gained 1)
g - 4 atropa-tipped darts (gained 1)
g - 5 atropa-tipped darts (gained 1)
You see here an atropa-tipped dart.
Okay, then.
Duvessa zaps a wand.
The puff of flame reflects off an invisible shield around you!
The puff of flame hits Duvessa.
You see here an atropa-tipped dart.
Dowan shouts!
Duvessa says, "When magic and the sword combine, nothing stands against them."
You reach down and open the door.
Duvessa zaps a wand.
The puff of flame misses you.
Duvessa shouts, "You can run, but you cannot escape us forever!"
Dowan says, "Magic and the sword, together, will defeat you."
Dowan gestures at Duvessa while chanting.
Duvessa seems to speed up.
Duvessa zaps a wand.
The puff of flame hits you but does no damage.
Okay, then.
Dowan gestures wildly while chanting.
Dowan blinks!
Duvessa zaps a wand.
The puff of flame hits you! ๐Ÿ˜• HP[-9]
You take 9 damage, and now have 28/37 hp.
MASSIVE DAMAGE!! (PAUSE) Duvessa zaps a wand.
The puff of flame hits you!
* * * LOW HITPOINT WARNING * * *
๐Ÿ˜จ HP[-11]
You take 11 damage, and now have 17/37 hp.
MASSIVE DAMAGE!! (PAUSE)
Okay, then.
Okay, then.
Throw: 5 darts (atropa)
Press: ? - help, Shift-Dir - straight line, f - Duvessa
Aim: Duvessa, wielding a +0 rapier, wearing a +0 scale mail and carrying a wand of flame (9) (lightly wounded, fast, 68% to hit, chance to blind on hit: 51%)
You throw an atropa-tipped dart. The atropa-tipped dart hits Duvessa.
Duvessa resists.
Throw: 4 darts (atropa)
Press: ? - help, Shift-Dir - straight line, f/p - Duvessa
Aim: Duvessa, wielding a +0 rapier, wearing a +0 scale mail and carrying a wand of flame (9) (lightly wounded, fast, 68% to hit, chance to blind on hit: 51%)
You throw an atropa-tipped dart.
The atropa-tipped dart barely misses Duvessa.
You completely miss Duvessa. Duvessa hits you with a +0 rapier.
* * * LOW HITPOINT WARNING * * *
๐Ÿ˜จ HP[-2]
You take 2 damage, and now have 15/37 hp.
Unknown command.
You hit Duvessa but do no damage.
Duvessa is poisoned.
Duvessa hits you but does no damage.
You hit Duvessa but do no damage.
Duvessa looks even sicker.
Duvessa hits you with a +0 rapier!
* * * LOW HITPOINT WARNING * * *
Duvessa hits you with a +0 rapier!
You die...

Skill      XL: |  1  2  3  4  5 |
---------------+----------------+-----
Stealth        | 1 |  1.4
Dodging        | 3 4 |  4.1
Spellcasting   | 1 2 |  2.9
Summonings     | 1 2 |  2.3
Invocations    | 3 |  3.6
Fighting       | 3 |  3.3
Short Blades   | |  2.4
Armour         | |  0.7

Action                   |  1- 3 |  4- 6 || total
-------------------------+-------+-------++-------
Melee: Rapier            |   107 |   141 ||   248
       Dagger            |       |    22 ||    22
Throw: Dart              |       |     9 ||     9
Invok: Depart the Abyss  |     1 |       ||     1
       Bend Space        |       |     1 ||     1
  Use: Scroll            |     2 |     4 ||     6
       Potion            |     3 |     2 ||     5
 Stab: Sleeping          |     1 |       ||     1
Armor: Leather armour    |     6 |       ||     6
       Ring mail         |    52 |   129 ||   181
Dodge: Dodged            |    68 |   145 ||   213
Block: Other             |    16 |    76 ||    92
       Reflection        |       |     1 ||     1

Levels and vault maps discovered:
D:1:      saegor_arrival_simple_a, layout_loops_ring
D:2:      layout_loops_ring, shapermc_ecumenical_altar_hornbeckon, serial_shops,
          shop_coins, uniq_crazy_yiuf_cottage, uniq_robin
D:3:      layout_loops_ring, mainiacjoe_overflow_catwalk, serial_shops, shop,
          dk_noncrumbling_3
D:4:      layout_gridville, serial_shops, nicolae_shop_behind_doors,
          uniq_eustachio, uniq_duvessa

Notes
Turn   | Place    | Note
-------+----------+-------------------------------------------
     0 | Abyss:1  | spiderkeys the Deep Elf Abyssal Knight began the quest for
                  | the Orb.
     0 | Abyss:1  | Reached XP level 1. HP: 13/13 MP: 4/4
     0 | Abyss:1  | magus.rc [v1.9.10]
    62 | Abyss:2  | Noticed a wretched star
    63 | Abyss:2  | Noticed an orange demon
    64 | D:1      | You pass through the gate.
    64 | D:1      | Escaped the Abyss
   113 | D:1      | Reached * piety under Lugonu
   228 | D:1      | Reached XP level 2. HP: 14/18 MP: 5/5
   315 | D:1      | Reached skill level 1 in Stealth
   777 | D:1      | You pick up a book of Weapons and begin reading...
   777 | D:1      | You add the spells Portal Projectile, Excruciating Wounds
                  | and Blade Hands to your library.
  1081 | D:1      | Reached XP level 3. HP: 21/22 MP: 6/6
  1137 | D:2      | You pick up a book of Minor Magic and begin reading...
  1137 | D:2      | You add the spells Magic Dart, Call Imp and Mephitic Cloud
                  | to your library.
  1187 | D:2      | Learned a level 2 spell: Call Imp
  1242 | D:2      | Noticed Robin
  1244 | D:2      | Reached skill level 3 in Dodging
  1254 | D:2      | Gained mutation: Your body sometimes deteriorates upon
                  | taking damage. [potion of mutation]
  1254 | D:2      | Gained mutation: You are somewhat resistant to further
                  | mutation. [potion of mutation]
  1266 | D:2      | HP: 2/22 [goblin[Robin] (5)]
  1706 | D:2      | Killed Robin
  1940 | D:2      | Reached skill level 1 in Spellcasting
  1978 | D:2      | Reached XP level 4. HP: 27/27 MP: 8/8
  2098 | D:2      | Found a faded altar of an unknown god.
  2267 | D:2      | Found Osodedue's Jewellery Shoppe.
  2278 | D:2      | Reached skill level 1 in Summonings
  2445 | D:2      | Found a runed translucent door.
  2446 | D:2      | Noticed Crazy Yiuf
  2642 | D:3      | Reached ** piety under Lugonu
  2696 | D:3      | Found a hide-covered altar of Uskayaw.
  2753 | D:3      | Found Elatocko's Armour Boutique.
  2880 | D:3      | Reached skill level 3 in Invocations
  2895 | D:3      | Reached skill level 3 in Fighting
  2895 | D:3      | Reached XP level 5. HP: 23/32 MP: 9/9
  3089 | D:3      | You pick up a book of Burglary and begin reading...
  3089 | D:3      | You add the spells Passwall and Swiftness to your library.
  3114 | D:3      | Reached skill level 2 in Spellcasting
  3722 | D:3      | Bought a +2 pair of boots of flying for 215 gold pieces
  3783 | D:4      | Noticed Duvessa
  3783 | D:4      | Noticed Dowan
  3797 | D:3      | Lost mutation: Your body sometimes deteriorates upon taking
                  | damage. [potion of mutation]
  3894 | D:4      | Found Vopou's General Store.
  4057 | D:4      | Noticed Eustachio
  4169 | D:4      | Killed Eustachio
  4170 | D:4      | Reached skill level 4 in Dodging
  4170 | D:4      | Reached skill level 2 in Summonings
  4170 | D:4      | Reached XP level 6. HP: 24/37 MP: 12/12
  4336 | D:4      | HP: 7/37 [Duvessa (8)]
  4336 | D:4      | Slain by Duvessa

Vanquished Creatures
  Eustachio (D:4)
  An orc priest (D:3)
  An orc wizard (D:3)
  Robin (D:2)
  3 adders
  2 dart slugs
  An orc (D:3)
  10 endoplasms
  5 giant cockroaches
  9 hobgoblins
  6 kobolds
  5 quokkas
  14 ball pythons
  3 bats
  A frilled lizard (D:1)
  10 goblins
  3 rats (D:1)
76 creatures vanquished.

Table legend:
 A = Non-vault XP
 B = Vault XP
 C = Vault XP percentage of total XP
 D = Non-vault monster count
 E = Vault monster count
 F = Vault count percentage of total count
                 A         B        C        D         E       F
            +---------+---------+-------+---------+---------+-------
      Total |     226 |     230 |  50.4 |      68 |       8 |  10.5
            +---------+---------+-------+---------+---------+-------
        D:1 |      42 |       0 |   0.0 |      25 |       0 |   0.0
        D:2 |      49 |      27 |  35.5 |      20 |       7 |  25.9
        D:3 |     118 |       0 |   0.0 |      13 |       0 |   0.0
        D:4 |      17 |     203 |  92.3 |      10 |       1 |   9.1
            +---------+---------+-------+---------+---------+-------

Illustrated notes

Table legend:
 A = Kills in this place as a percentage of kills in entire the game.
 B = Kills by you in this place as a percentage of kills by you in the entire game.
 C = Kills by friends in this place as a percentage of kills by friends in the entire game.
 D = Other kills in this place as a percentage of other kills in the entire game.
 E = Experience gained in this place as a percentage of experience gained in the entire game.
 F = Experience gained in this place divided by the number of levels of this place that you have seen.
                   A       B       C       D       E      F
               +-------+-------+-------+-------+-------+----------------------
         Total | 100.0 | 100.0 |   N/A |   N/A | 100.0 |  76.0
       Dungeon | 100.0 | 100.0 |   N/A |   N/A | 100.0 | 114.0
               +-------+-------+-------+-------+-------+----------------------

Table legend: (Time is in decaauts)
 A = Elapsed time spent in this place.
 B = Non-inter-level travel time spent in this place.
 C = Inter-level travel time spent in this place.
 D = Time resting spent in this place.
 E = Time spent auto-exploring this place.
 F = Levels seen in this place.
 G = Mean time per level.
                   A        B        C        D        E       F      G
               +--------+--------+--------+--------+--------+-----+--------+
         Total |   4359 |   4176 |    183 |    440 |   2857 |   6 |  726.5 |
       Dungeon |   4295 |   4112 |    183 |    440 |   2850 |   4 | 1073.8 |
         Abyss |     63 |     63 |      0 |      0 |      7 |   2 |   31.5 |
               +--------+--------+--------+--------+--------+-----+--------+

Top non-repeatable levels by time:
     D:1: 1305 daAuts
     D:2: 1272 daAuts
     D:3: 1135 daAuts
     D:4: 582 daAuts
 Abyss:2: 36 daAuts
 Abyss:1: 27 daAuts
